Map: Catalyst LE

Players

SortOf - Winner!

  • Race: Zerg Zerg
  • Spawn Location: 5:00

Retjah (Ret)

  • Race: Zerg Zerg
  • Spawn Location: 11:00

Event: WCS Valencia 2018

VOD

Have the link to the VOD?

Description

Time

  • Played on: July 12, 2018, 6:22 a.m.
  • Length: 13:30

All games in this series

Show
View Real Time Build Order
Export as new Build Order

SortOf Zerg - Winner!

Build Orders: Hatch First 

Get SALT Encoding   

  12  0:01  Drone  
  13  0:12  Overlord  
  13  0:16  Drone  
  14  0:31  Drone x2  
  16  0:50  Hatchery  
  16  0:52  Drone  
  16  0:56  Drone  
  17  0:59  Drone  
  18  1:10  Extractor  
  17  1:15  Spawning Pool  
  16  1:18  Drone  
  16  1:22  Drone  
  18  1:28  Drone  
  19  1:38  Drone  
  20  1:50  Overlord  
  20  2:04  Queen x2  
  24  2:10  Zergling x2  
  24  2:11  Drone x2  
  24  2:12  Metabolic Boost  
  27  2:17  Drone  
  27  2:22  Drone  
  29  2:24  Drone  
  30  2:35  Drone  
  31  2:40  Hatchery  
  30  2:45  Drone  
  30  2:47  Drone  
  30  2:48  Overlord  
  32  2:55  Baneling Nest  
  32  2:56  Drone  
  32  3:00  Zergling x2  
  33  3:05  Drone  
  33  3:10  Drone  
  34  3:14  Zergling x4  
  34  3:15  Queen  
  34  3:16  Drone  
  39  3:20  Overlord  
  39  3:22  Drone  
  39  3:24  Drone  
  41  3:30  Queen  
  41  3:31  Zergling x2  
  44  3:37  Overlord  
  44  3:39  Baneling x3  
  44  3:41  Zergling x2  
  45  3:46  Zergling x6  
  48  3:49  Zergling x4  
  48  3:54  Baneling x2  
  50  3:57  Drone x3  
  50  4:00  Drone  
  54  4:12  Hatchery  
  54  4:15  Drone  
  54  4:16  Drone  
  55  4:18  Extractor  
  55  4:20  Evolution Chamber  
  53  4:24  Drone x2  
  53  4:29  Overlord  
  53  4:30  Drone x2  
  53  4:31  Drone  
  58  4:34  Zergling x4  
  60  4:39  Baneling x2  
  60  4:44  Overlord  
  60  4:51  Overlord  
  60  4:52  Drone x3  
  61  4:53  Drone x3  
  61  4:56  Zerg Missile Weapons Level 1  
  64  5:01  Extractor  
  63  5:11  Zergling x2  
  63  5:12  Zergling x2  
  62  5:16  Roach Warren  
  62  5:17  Drone x2  
  63  5:22  Drone  
  63  5:28  Drone x2  
  66  5:32  Overlord  
  66  5:35  Drone x4  
  70  5:36  Drone x2  
  70  5:39  Drone  
  73  5:43  Overlord  
  73  5:49  Spine Crawler x3  
  69  5:50  Overlord  
  69  5:51  Overlord  
  69  5:54  Baneling  
  69  5:57  Roach x4  
  69  6:03  Roach x3  
  83  6:08  Roach x2  
  83  6:09  Roach  
  83  6:10  Roach  
  91  6:12  Roach  
  91  6:14  Roach  
  91  6:18  Roach  
  94  6:19  Baneling x2  
  94  6:20  Baneling x2  
  94  6:22  Roach  
  94  6:23  Roach x2  
  97  6:32  Roach  
  97  6:33  Roach x2  
  94  6:40  Roach  
  94  6:42  Roach x2  
  94  6:43  Roach  
  93  6:50  Roach x3  
  93  6:53  Roach  
  86  6:56  Roach  
  86  6:58  Roach  
  86  7:00  Drone  
  85  7:04  Drone x2  
  87  7:08  Drone x2  
  87  7:14  Queen  
  91  7:16  Queen  
  91  7:19  Drone  
  91  7:20  Drone  
  91  7:22  Drone  
  96  7:24  Drone  
  96  7:29  Lair  
  97  7:31  Drone x2  
  97  7:32  Ravager x2  
  97  7:35  Drone  
  102  7:39  Drone x2  
  96  7:51  Drone x2  
  96  7:52  Drone  
  96  7:55  Roach  
  85  8:06  Drone x2  
  85  8:08  Drone  
  84  8:12  Extractor  
  84  8:14  Extractor  
  84  8:16  Roach x3  
  82  8:22  Queen  
  82  8:24  Hatchery  
  82  8:26  Extractor, Roach x3, Evolution Chamber  
  80  8:34  Roach x2  
  80  8:41  Roach x5  
  93  8:46  Roach x4  
  101  8:50  Overseer  
  101  8:53  Zerg Missile Weapons Level 2  
  101  8:55  Zerg Ground Armor Level 1  
  101  8:59  Drone x4  
  105  9:09  Overlord x4  
  101  9:11  Roach x4  
  109  9:19  Roach x2  
  109  9:21  Overseer  
  113  9:26  Ravager  
  114  9:32  Roach x2  
  114  9:33  Roach x2  
  134  9:38  Roach x6  
  134  9:44  Glial Reconstitution  
  132  9:48  Drone x2  
  132  9:50  Drone  
  134  9:53  Overlord  
  134  9:54  Overlord  
  134  9:57  Overlord  
  134  9:58  Overlord  
  134  10:00  Roach x2  
  134  10:02  Ravager x4  
  134  10:03  Ravager  
  143  10:10  Roach  
  145  10:20  Roach x6  
  157  10:23  Overlord  
  157  10:25  Overseer  
  157  10:28  Roach x3  
  163  10:30  Overseer  
  163  10:33  Ravager  
  163  10:35  Overlord, Ravager  
  165  10:42  Roach x4  
  173  10:51  Hydralisk Den, Drone x3  
  173  10:55  Roach x3  
  179  11:04  Roach x5  
  185  11:12  Queen  
  185  11:16  Roach x4  
  187  11:30  Lurker Den, Roach x4  
  187  11:31  Overseer  
  192  11:33  Ravager  
  192  11:35  Ravager  
  194  11:41  Overlord  
  194  11:49  Overlord  
  184  12:05  Hydralisk  
  184  12:06  Hydralisk x9  
  180  12:19  Roach  
  180  12:20  Roach x6  
  166  12:38  Roach  
  166  12:39  Roach x5  
  155  12:50  Roach x2  
  121  12:52  Roach  
  100  13:02  Roach x2  
  100  13:04  Roach x2  
  100  13:05  Roach  
  99  13:10  Roach x3  
Show
View Real Time Build Order
Export as new Build Order

Retjah Zerg 

Build Orders: Hatch First 

Get SALT Encoding   

  12  0:00  Drone  
  13  0:12  Overlord  
  13  0:17  Drone  
  14  0:31  Drone x2  
  14  0:35  Drone  
  17  0:51  Hatchery  
  17  0:55  Drone  
  17  0:58  Drone  
  18  1:09  Extractor  
  17  1:13  Spawning Pool  
  17  1:16  Drone  
  17  1:20  Drone  
  18  1:28  Drone  
  19  1:41  Drone  
  20  1:49  Overlord  
  20  1:59  Queen  
  22  2:03  Queen  
  22  2:04  Drone x2  
  26  2:08  Metabolic Boost  
  26  2:11  Drone  
  26  2:14  Drone  
  28  2:21  Drone  
  29  2:25  Drone  
  30  2:32  Drone  
  31  2:38  Hatchery  
  31  2:41  Zergling x2  
  31  2:46  Baneling Nest, Zergling x2  
  31  2:48  Drone  
  32  2:54  Overlord  
  32  3:09  Zergling x6  
  32  3:12  Zergling x2  
  36  3:16  Zergling x10  
  41  3:21  Zergling x2  
  41  3:23  Queen  
  41  3:26  Overlord  
  44  3:29  Baneling x2  
  44  3:30  Baneling  
  44  3:47  Zergling x4  
  51  3:48  Drone x6  
  51  3:50  Drone  
  51  3:51  Drone  
  51  3:54  Drone  
  53  3:57  Drone  
  54  4:03  Drone x2  
  54  4:08  Baneling  
  54  4:09  Baneling x3, Extractor  
  56  4:18  Drone, Roach Warren  
  56  4:20  Drone  
  57  4:32  Overlord, Drone x2  
  57  4:33  Overlord  
  57  4:42  Overlord x2  
  56  4:59  Roach x7  
  70  5:06  Roach  
  72  5:14  Roach x2  
  70  5:16  Overlord x2  
  70  5:17  Overlord  
  70  5:19  Roach  
  72  5:24  Roach  
  72  5:25  Overlord  
  74  5:28  Extractor  
  74  5:30  Roach  
  77  5:35  Roach  
  77  5:38  Zergling x4  
  79  5:45  Roach x2  
  83  5:50  Zergling x8  
  83  5:55  Zergling x4  
  89  5:59  Zergling x8  
  90  6:06  Zergling x10  
  90  6:09  Lair  
  95  6:12  Evolution Chamber  
  93  6:20  Drone x3  
  93  6:23  Overlord  
  91  6:31  Overlord  
  86  6:41  Overlord  
  86  6:44  Drone x6  
  86  6:46  Drone x4  
  89  6:50  Overlord  
  75  7:07  Extractor, Roach x5  
  75  7:08  Zerg Missile Weapons Level 1  
  76  7:10  Glial Reconstitution, Evolution Chamber  
  76  7:13  Roach x3  
  81  7:17  Roach x4  
  81  7:20  Roach  
  81  7:22  Roach  
  93  7:24  Zergling x6  
  93  7:27  Zergling x2  
  97  7:30  Roach x2  
  101  7:38  Zergling x6  
  104  7:50  Zergling x18  
  101  7:53  Zerg Ground Armor Level 1  
  101  7:55  Zergling x2  
  85  8:01  Zergling x4  
  80  8:08  Drone  
  80  8:12  Drone x7  
  83  8:18  Drone  
  81  8:22  Overlord  
  81  8:24  Drone  
  80  8:28  Drone  
  79  8:35  Roach x2  
  79  8:39  Roach x3  
  88  8:41  Hatchery  
  88  8:45  Roach x2  
  88  8:46  Roach x6  
  103  8:50  Roach  
  103  8:54  Roach  
  107  8:59  Roach x2  
  107  9:01  Ravager  
  107  9:02  Overlord, Ravager  
  113  9:03  Zerg Missile Weapons Level 2  
  113  9:07  Roach  
  115  9:12  Roach  
  115  9:13  Baneling  
  115  9:14  Baneling x2  
  117  9:17  Drone  
  117  9:18  Drone, Roach x2  
  117  9:24  Unknown  
  123  9:29  Roach x4  
  131  9:37  Roach x2  
  141  9:52  Roach x2  
  141  9:53  Roach x5  
  141  9:54  Overlord x3  
  141  9:55  Overlord  
  141  9:59  Roach x2  
  143  10:04  Roach x2  
  147  10:10  Roach x2  
  151  10:19  Roach x4  
  158  10:23  Roach  
  158  10:25  Roach  
  162  10:30  Roach x2  
  162  10:33  Roach  
  168  10:41  Roach x3  
  174  10:46  Roach x2  
  178  10:50  Extractor, Drone  
  178  10:53  Drone x2  
  178  10:54  Roach x3  
  186  11:00  Extractor  
  186  11:03  Roach x4  
  177  11:32  Roach x10  
  191  11:37  Overlord x3  
  191  11:41  Ravager  
  191  11:44  Queen  
  187  11:52  Hydralisk Den  
  180  11:55  Roach x6  
  181  12:01  Roach x7  
  181  12:03  Unknown x2  
  181  12:05  Roach  
  177  12:17  Roach x5  
  183  12:25  Roach x3  
  183  12:26  Roach  
  175  12:34  Roach x3  
  165  12:40  Roach x2  
  147  12:46  Roach x3  
  147  12:49  Roach  
  137  12:52  Roach  
  137  12:57  Roach  
  101  13:07  Roach x2  
  95  13:13  Roach Warren  
Tags
 
Add a new tag
Caveats
  • Supply blocks, unpowered buildings, or Contaminate may cause inaccurate times.
  • Supply counts are checked every 10 seconds.